 Dungeon Crawl Stone Soup version 0.17-a0-1900-g45e8110 (webtiles) character file.

1298 derrpe the Destroyer (level 8, -15/44 HPs)
             Began as a Tengu Conjurer on Sept 24, 2015.
             Was a Follower of Ashenzari.
             Demolished by an orc priest
             ... wielding a +2 trident of distortion
              (23 damage)
             ... on level 5 of the Dungeon.
             The game lasted 00:13:56 (8782 turns).

derrpe the Destroyer (Tengu Conjurer)               Turns: 8782, Time: 00:13:56

Health: -15/44     AC:  2    Str: 10    XL:     8   Next: 56%
Magic:  3/16       EV:  8    Int: 17    God:    Ashenzari [*.....]
Gold:   237        SH:  0    Dex: 14    Spells: 4 memorised, 6 levels left

rFire  . . .     SeeInvis +     o - +0 club (curse)
rCold  . . .     Clarity  .     a - +0 robe (curse)
rNeg   . . .     SustAt   .     (no shield)
rPois  .         Gourm    .     (helmet restricted)
rElec  .         Spirit   .     (no cloak)
rCorr  .         Warding  .     (no gloves)
rMut   .         Stasis   .     (boots unavailable)
MR     +....                    (no amulet)
Stlth  ++........               (no ring)
                                j - ring of see invisible (curse)

@: very slightly contaminated, somewhat resistant to hostile enchantments,
unstealthy
A: beak, talons 3, magic resistance 1, able to fly 1
a: Fly, Scrying, Renounce Religion


You were on level 5 of the Dungeon.
You worshipped Ashenzari.
Ashenzari was aware of your devotion.
You were hungry.

You visited 1 branch of the dungeon, and saw 5 of its levels.

You collected 237 gold pieces.

Inventory:

Hand weapons
 l - the +8 mace of the Penguin {drain, MR+ Int+2}
   (You found it on level 4 of the Dungeon)

   A truly terrible weapon, it drains the life of those it strikes.
   It affects your intelligence (+2).
   It affects your resistance to hostile enchantments.
 o - a cursed +0 club (weapon)
 A - a +0 spear of pain
Armour
 a - a cursed +0 robe (worn)
 k - a +0 buckler
 G - a +3 leather armour
Magical staves
 r - an uncursed staff of wizardry
Jewellery
 j - a cursed ring of see invisible (left hand)
Magical devices
 p - a wand of digging (10)
 t - a wand of polymorph (15)
 D - a wand of teleportation (7)
 J - a wand of random effects (39)
Scrolls
 d - a scroll of curse armour
 e - 2 scrolls of identify
 g - a scroll of enchant weapon {unknown}
 h - 3 scrolls of teleportation {unknown}
 m - 3 scrolls of random uselessness {unknown}
 n - a scroll of magic mapping {unknown}
 s - a scroll of amnesia {unknown}
 v - a scroll of recharging {unknown}
 y - a scroll of fear {unknown}
 C - 2 scrolls of fog {unknown}
 E - a scroll of brand weapon {unknown}
Potions
 i - a potion of haste {unknown}
 q - a potion of brilliance {unknown}
 u - 2 potions of agility {unknown}
 w - a potion of resistance {unknown}
 z - a potion of lignification {unknown}
 H - a potion of magic {unknown}
Books
 b - a book of Conjurations

   Spells                             Type                      Level
   a - Magic Dart                     Conjuration                  1
   b - Searing Ray                    Conjuration                  2
   c - Dazzling Spray                 Conjuration/Hexes            3
   d - Fulminant Prism                Conjuration/Hexes            4
   e - Iskenderun's Mystic Blast      Conjuration                  4
   f - Iskenderun's Battlesphere      Conjuration/Charms           5
Comestibles
 c - 4 bread rations {@e1}
 f - a slice of pizza
 x - 11 fruits
 B - a beef jerky
 F - a meat ration {@e2}


   Skills:
 + Level 2.2 Fighting
 + Level 3.2 Dodging
 - Level 2.0 Stealth
 + Level 5.0 Spellcasting
 + Level 8.7 Conjurations
 * Level 4.8 Charms


You had 6 spell levels left.
You knew the following spells:

 Your Spells              Type           Power        Failure   Level  Hunger
a - Magic Dart            Conj           ####         1%          1    None
b - Dazzling Spray        Conj/Hex       ###.....     10%         3    ###....
c - Iskenderun's Battles  Conj/Chrm      ####....     24%         5    ######.
d - Searing Ray           Conj           ####..       1%          2    #......


Dungeon Overview and Level Annotations

Branches:
Dungeon (5/15)
 Temple: D:4-7

Altars:
Ashenzari
Fedhas
Qazlal
Sif Muna
Vehumet

Annotations:
D:5 Pikel


Innate Abilities, Weirdness & Mutations

You have a beak for a mouth.
You have claws for feet.
You can fly.
You are resistant to hostile enchantments.


Message History

Press: ? - help, Shift-Dir - straight line, f/p - orc priest
Aim: an orc priest, wielding a trident of distortion (moderately wounded)
The spray of energy misses the orc priest.
The orc priest hits you from afar with a trident of distortion!
Space warps horribly around you!
Casting: Dazzling Spray
Confirm with . or Enter, or press ? or * to list all spells.
Aiming: Dazzling Spray
Press: ? - help, Shift-Dir - straight line, f/p - orc priest
Aim: an orc priest, wielding a trident of distortion (moderately wounded)
The spray of energy hits the orc priest.
The orc priest is severely wounded.
The orc priest is dazzled.
The orc priest hits you but does no damage.
Space bends around you.
The orc priest hits you from afar with a trident of distortion!
* * * LOW HITPOINT WARNING * * *
Space warps horribly around you!
Ouch! That really hurt!
You die...

#........# #### ###........# #...
.......K..<# ###.##
.....p.....#### #######.#.##
.....###......# #.....#.#.##
..!p.# #.K....# #.###'#...##
.....# #..(...########.#[....####
.....# #......##..)....#>....(..#
.....# #......##@#######.........
.....# #......##[#.....#.........
.....# #.....o'o.....#.#.........
.....# #......##.>##.#.#....≈≈...
.....########........#.#(.≈≈♣≈≈..
..#####....########..#.)##P♣≈♣...
......#.##.# #.....####.≈.##
#####.#a##.### ##....# #...#
#.##.a.# ###.## #####


You could see an orc priest (blind).

Vanquished Creatures
  A sky beast (D:5)
  A black bear (D:4)
  A slave (D:5)
  An ogre (D:4)
  A centaur (D:5)
  3 scorpions
  A centaur zombie (D:4)
  A crimson imp (D:5)
  A hound (D:3)
  Crazy Yiuf (D:4)
  2 giant frog skeletons
  6 orc wizards
  2 iguanas
  6 worker ants
  A hound zombie (D:4)
  A worker ant zombie (D:4)
  3 gnolls
  8 adders
  An ooze (D:3)
  2 adder zombies (D:4)
  An adder skeleton (D:5)
  4 worms
  19 orcs
  3 giant cockroaches
  3 goblins
  12 hobgoblins
  2 jackals
  6 kobolds
  3 ball pythons
  A ball python skeleton (D:4)
  6 bats
  7 giant geckos
  7 giant newts
  A jackal zombie (D:4)
  3 quokkas
  A quokka zombie (D:4)
  4 rats
127 creatures vanquished.

Notes
Turn   | Place    | Note
--------------------------------------------------------------
     0 | D:1      | derrpe the Tengu Conjurer began the quest for the Orb.
     0 | D:1      | Reached XP level 1. HP: 10/10 MP: 4/4
   162 | D:1      | Found a shattered altar of Ashenzari.
   552 | D:1      | Reached XP level 2. HP: 6/15 MP: 0/6
   906 | D:1      | Became a worshipper of Ashenzari the Shackled
  1761 | D:2      | Reached XP level 3. HP: 19/19 MP: 1/7
  1832 | D:2      | Reached skill level 6 in Conjurations
  1902 | D:2      | Learned a level 3 spell: Dazzling Spray
  2703 | D:3      | Reached XP level 4. HP: 24/24 MP: 1/9
  3405 | D:3      | Acquired Ashenzari's first power
  3559 | D:4      | Found a stormy altar of Qazlal.
  3623 | D:3      | Reached skill level 7 in Conjurations
  3623 | D:3      | Gained mutation: You can fly. [Tengu growth]
  3623 | D:3      | Reached XP level 5. HP: 10/28 MP: 1/11
  3949 | D:3      | Learned a level 5 spell: Iskenderun's Battlesphere
  4103 | D:3      | Reached skill level 1 in Charms
  4542 | D:3      | Learned a level 2 spell: Searing Ray
  4558 | D:4      | Found a blossoming altar of Fedhas.
  4784 | D:4      | Reached XP level 6. HP: 30/32 MP: 6/12
  5030 | D:4      | Noticed a black bear
  5039 | D:4      | Killed a black bear
  5186 | D:4      | Found a radiant altar of Vehumet.
  5509 | D:4      | Reached XP level 7. HP: 29/36 MP: 8/14
  5856 | D:4      | Noticed an ogre
  5873 | D:4      | Killed an ogre
  5873 | D:4      | Reached skill level 8 in Conjurations
  6182 | D:4      | Noticed Crazy Yiuf
  6193 | D:4      | Killed Crazy Yiuf
  6239 | D:4      | Identified the +8 mace of the Penguin {drain, MR+ Int+2}
  6781 | D:4      | Found a deep blue altar of Sif Muna.
  6939 | D:5      | Entered Level 5 of the Dungeon
  6946 | D:5      | Reached skill level 1 in Fighting
  7021 | D:5      | Reached XP level 8. HP: 9/43 MP: 1/16
  8433 | D:5      | Noticed Pikel
  8543 | D:5      | Reached skill level 5 in Spellcasting
  8601 | D:5      | Gained mutation: You are resistant to hostile enchantments. [mutagenic meat]
  8782 | D:5      | Demolished by an orc priest

Vault maps used:
D:1:      minmay_arrival_split_and_join, glass_columns_a,
          nicolae_ashenzari_panopticon
D:2:      kennysheep_six_static_rooms, dk_vineyard_2
D:3:      first_bread, minmay_misc_feat_hallway
D:4:      grunt_temple_overflow_forces_of_nature,
          nicolae_overflow_hidden_temple, serial_undead, serial_undead_f,
          serial_undead_f, serial_undead_f, serial_undead_d,
          minmay_tree_intersection, hangedman_abyss_or_decor_passed,
          grunt_ministairs_9, led_sif_pool, uniq_crazy_yiuf_cottage
D:5:      kennysheep_mini, minmay_misc_feat_more_columns, serial_bayou_pond_d,
          uniq_pikel

Action                   |  1- 3 |  4- 6 |  7- 9 || total
-------------------------+-------+-------+-------++-------
Melee: Unarmed           |     4 |       |       ||     4
       Club              |     3 |     8 |     9 ||    20
 Cast: Magic Dart        |    80 |   122 |    68 ||   270
       Dazzling Spray    |       |     7 |    11 ||    18
       Searing Ray       |       |     7 |    26 ||    33
  Use: Scroll            |     2 |     2 |       ||     4
       Potion            |       |     1 |     1 ||     2
 Stab: Invisible         |       |       |     1 ||     1
  Eat: Chunk             |     6 |     6 |    12 ||    24
       Royal jelly       |       |     1 |       ||     1
       Pizza             |       |     1 |       ||     1
